 Dungeon Crawl Stone Soup version 0.31.0-12-g77e489cdc1 (webtiles) character file.

Game seed: 5298614987490592340

18 Gadfly the Trooper (level 2, -4/19 HPs)
             Began as a Gargoyle Fighter on Mar 1, 2024.
             Slain by Crazy Yiuf
             ... wielding a +2 quarterstaff of chaos
              (9 damage)
             ... on level 2 of the Dungeon.
             The game lasted 00:01:49 (1560 turns).

Gadfly the Trooper (Gargoyle Fighter)               Turns: 1560, Time: 00:01:49

Health: -4/19      AC:  9    Str: 19    XL:     2   Next: 70%
Magic:  2/2        EV:  9    Int:  8    God:
Gold:   94         SH:  5    Dex:  9    Spells: 1/1 levels left

rFire   . . .        a - +0 flail
rCold   . . .        c - +1 buckler
rNeg    + . .        b - +0 scale mail
rPois   ∞            (no helmet)
rElec   +            (no cloak)
rCorr   .            (no gloves)
SInv    .            (no boots)
Will    .....        (no amulet) Stlth
                     (no ring)
HPRegen 0.23/turn    (no ring)
MPRegen 0.08/turn

%: no passive effects
@: no status effects
A: sickness immunity, AC +2, negative energy resistance 1, electricity
resistance, torment resistance 1, petrification resistance
a: no special abilities


You were on level 2 of the Dungeon.
You visited 1 branch of the dungeon, and saw 2 of its levels.

You collected 94 gold pieces.

Inventory:

Hand Weapons
 a - a +0 flail (weapon)
Armour
 b - a +0 scale mail (worn)
 c - a +1 buckler (worn)
Jewellery
 e - an amulet of guardian spirit
Scrolls
 g - a scroll of brand weapon
 h - a scroll of revelation
 j - a scroll of amnesia {unknown}
Potions
 d - a potion of might
 f - 2 potions of heal wounds
 i - 2 potions of curing


   Skills:
 + Level 3.4 Fighting
 * Level 2.3 Maces & Flails
 + Level 3.4 Armour
 + Level 3.4 Shields
 * Level 1.0 Invocations
 * Level 0.6 Evocations


You had one spell level left.
You didn't know any spells.
Your spell library contained the following spells:

 Spells                   Type           Power      Damage    Failure   Level
 Apportation              Tloc           0%         N/A       85%         1
 Jinxbite                 Hex            0%         N/A       94%         2
 Alistair's Intoxication  Alch           0%         N/A       100%        5


Dungeon Overview and Level Annotations

Branches:
Dungeon (2/15)

Altars:

Annotations:
D:2 Crazy Yiuf


Innate Abilities, Weirdness & Mutations

You are immune to sickness and miasma.
Your stone body is resilient. (AC +2)
You are immune to poison.
You resist negative energy. (rN+)
You are resistant to electric shocks. (rElec)
You are resistant to unholy torment.
You are immune to petrification.


Message History

No target in view!
No target in view!
No target in view!
No target in view!
No target in view!
No target in view!
No target in view!
No target in view!
Found a scale mail.
Things that are here:
a +0 dagger; a frilled lizard corpse; a goblin corpse You see here a +0 scale mail.
You see here a +0 scale mail.
You see here a +0 mace.
Crazy Yiuf shouts!
Could not explore, unopened runed door.
Could not explore, unopened runed door.
No reachable target in view!
Search for what [? for help]? bra Search for what [Enter for "bra", or ? for help]? armo
Okay, then.
You open the door.
Crazy Yiuf hits you with a +2 quarterstaff of chaos.
There is an open translucent door here.
You hit Crazy Yiuf but do no damage. Crazy Yiuf hits you but does no damage.
You hit Crazy Yiuf.
Crazy Yiuf is lightly wounded.
Crazy Yiuf hits you with a +2 quarterstaff of chaos!
Ouch! That really hurt!
Crazy Yiuf burns you.
* * * LOW HITPOINT WARNING * * *
You are too injured to fight recklessly!
You are too injured to fight recklessly!
You are too injured to fight recklessly!
You are too injured to fight recklessly!
You are too injured to fight recklessly!
You hit Crazy Yiuf.
Crazy Yiuf is moderately wounded.
Crazy Yiuf hits you with a +2 quarterstaff of chaos!
You die...

##.................)[....#
......############.###.#.#
##.#.## #.# #.#.# #.#.# ###
##### #.#.# #.#.# #.#.#
#### ♣♣#### #.#.# #)..#♣♣
♣♣.#..## #...##
#..g@.♣♣♣♣......# ###..#
#...#♣..♣.......# #..# ####
♣♣♣.♣..#...# #<.#
♣♣♣♣♣##..# #..# #..## #..#
### #####.#.## #..# #.#
#.....##.# #..########.###
#.#.###.##
#.............#####.#..#.##


You could see Crazy Yiuf.

Vanquished Creatures
  4 ball pythons
  An endoplasm (D:1)
  A giant cockroach (D:1)
  3 goblins
  A hobgoblin (D:1)
  2 quokkas (D:2)
  2 bats (D:1)
  2 frilled lizards
  A kobold (D:1)
  A rat (D:1)
18 creatures vanquished.

Notes
Turn   | Place    | Note
-------+----------+-------------------------------------------
     0 | D:1      | Gadfly the Gargoyle Fighter began the quest for the Orb.
     0 | D:1      | Reached XP level 1. HP: 14/14 MP: 1/1
   326 | D:1      | Reached XP level 2. HP: 19/19 MP: 2/2
   485 | D:1      | Found a faded altar of an unknown god.
   950 | D:2      | Reached skill level 1 in Invocations
   981 | D:2      | Identified the +5 hand axe "Giptaipi" {drain, rPois}
  1336 | D:2      | Found a runed translucent door.
  1337 | D:2      | Noticed Crazy Yiuf
  1560 | D:2      | Slain by Crazy Yiuf

Illustrated notes

Levels and vault maps discovered:
D:1:      dpeg_arrival_three_bigger_balls, layout_loops_ring,
          ebering_ecumenical_altar_abandoned
D:2:      layout_loops_ring, uniq_crazy_yiuf_cottage

Skill      XL: |  1  2 |
---------------+-------+-----
Invocations    | 1 |  1.0
Fighting       | |  3.4
Maces & Flails | |  2.3
Armour         | |  3.4
Shields        | |  3.4
Evocations     | |  0.6

Action                     || total
---------------------------++-------
  Melee: Flail             ||    64
    Use: Scroll            ||     8
 Armour: Scale mail        ||    61
  Dodge: Dodged            ||    30
  Block: Buckler           ||    20
